 Dungeon Crawl Stone Soup version 0.29-a0-330-g52719c12eb (webtiles) character file.

Game seed: 15886676582072442929

26673 kae the Arsonist (level 12, -17/93 HPs)
             Began as a Demigod Fire Elementalist on Apr 29, 2022.
             Shot with an arrow by a deep elf archer (29 damage)
             ... on level 13 of the Dungeon.
             The game lasted 00:15:24 (18326 turns).

kae the Arsonist (Demigod Fire Elementalist)       Turns: 18326, Time: 00:15:25

Health: -17/93     AC:  9    Str:  9    XL:     12   Next: 62%
Magic:  29/29      EV: 27    Int: 33    God:
Gold:   587        SH: 11    Dex: 17    Spells: 15/29 levels left

rFire   . . .      SeeInvis .   r - staff of conjuration
rCold   . . .      Faith    .   t - +0 kite shield
rNeg    . . .      Spirit   .   e - +0 troll leather armour
rPois   .          Reflect  .   n - +0 helmet
rElec   .          Harm     .   (no cloak)
rCorr   .          Rampage  .   k - +2 pair of gloves {Dex+3}
Will    +....                   (no boots)
Stlth   ++........              A - amulet of the acrobat
HPRegen 1.05/turn               h - ring of flight
MPRegen 0.21/turn               (no ring)

@: acrobatic, flying
A: high MP 1, forlorn, divine attributes
a: no special abilities


You were on level 13 of the Dungeon.
You visited 1 branch of the dungeon, and saw 13 of its levels.

You collected 880 gold pieces.
You spent 293 gold pieces at shops.

Inventory:

Armour
 a - a +1 robe
 e - a +0 troll leather armour (worn)
 k - a +2 pair of gloves of dexterity (worn)
 l - a +0 hat
 n - a +0 helmet (worn)
 t - a +0 kite shield (worn)
Magical Staves
 r - a staff of conjuration (weapon)
Jewellery
 h - a ring of flight (left hand)
 A - an amulet of the acrobat (around neck)
 M - a ring of poison resistance
 N - an amulet of reflection
Wands
 m - a wand of iceblast (22)
 G - a wand of polymorph (11)
 L - a wand of flame (7)
Scrolls
 d - 8 scrolls of teleportation
 i - 3 scrolls of enchant weapon
 s - 3 scrolls of enchant armour
 y - 2 scrolls of amnesia
 E - a scroll of magic mapping
 F - 2 scrolls of fog
 H - a scroll of brand weapon
 J - 3 scrolls of identify
 K - a scroll of summoning
Potions
 b - 3 potions of magic
 f - 2 potions of might
 g - 6 potions of flight
 j - 5 potions of invisibility
 o - 8 potions of curing
 q - 3 potions of attraction
 u - a potion of resistance
 v - 3 potions of mutation
 w - a potion of haste
 x - 3 potions of lignification
 z - a potion of ambrosia
 B - 2 potions of cancellation
 C - 2 potions of degeneration
 D - 2 potions of brilliance
 I - 2 potions of berserk rage


   Skills:
 + Level 4.9 Fighting
 + Level 4.9 Armour
 + Level 5.4 Dodging
 - Level 1.7 Stealth
 - Level 8.0 Shields
 - Level 9.0 Spellcasting
 - Level 10.0 Conjurations
 - Level 10.0 Fire Magic


You had 15 spell levels left.
You knew the following spells:

 Your Spells              Type           Power      Damage    Failure   Level
a - Foxfire               Conj/Fire      100%       2x1d9     1%          1
b - Scorch                Fire           100%       2d10      1%          2
c - Conjure Flame         Conj/Fire      88%        6-21      1%          3
d - Inner Flame           Hex/Fire       47%        N/A       4%          3
e - Flame Wave            Conj/Fire      88%        2d15      1%          4
f - Sting                 Tmut/Pois      56%        1d5       11%         1

Your spell library contained the following spells:

 Spells                   Type           Power      Damage    Failure   Level
 Dazzling Flash           Conj/Hex       100%       N/A       4%          3
 Gell's Gravitas          Tloc           14%        N/A       30%         3
 Lesser Beckoning         Tloc           14%        N/A       30%         3
 Portal Projectile        Hex/Tloc       28%        N/A       30%         3
 Teleport Other           Tloc           14%        N/A       30%         3
 Agony                    Necr           14%        N/A       96%         5
 Blade Hands              Tmut           7%         N/A       96%         5
 Excruciating Wounds      Necr           7%         N/A       96%         5
 Silence                  Hex/Air        7%         N/A       96%         5
 Summon Cactus Giant      Summ           7%         N/A       100%        6


Dungeon Overview and Level Annotations

Branches:
Dungeon (13/15)            Temple (0/1) D:7            Lair (0/6) D:8
    Orc (0/2) D:10
 Vaults: D:13-14

Shops:
D:3 ?   D:8 (   D:10 ?   D:12 **

Annotations:
D:2 1 runed translucent door, Crazy Yiuf
D:3 Terence
D:7 1 exclusion


Innate Abilities, Weirdness & Mutations

You have an increased reservoir of magic. (+10% MP)
You shall have no god before yourself.
Your divine heritage dramatically boosts your attributes as you level up.


Message History

Where to? (Enter - D:13 @ (x,y), ? - help)
You fly downwards.
There is a stone staircase leading up, spattered with blood here.
A yaktaur comes into view.
A yaktaur is nearby!
Casting: Scorch (safe; 1% risk of failure)
Confirm with . or Enter, or press ? or * to list all spells.
You feel a surge of power!
You conjure some foxfire!
The yaktaur shouts!
An ogre mage comes into view. It is wielding a +0 spear.
The foxfire hits the yaktaur but does no damage.
The foxfire hits the yaktaur.
The yaktaur is lightly wounded.
The ogre mage gestures at you while chanting.
You suddenly lose the ability to move!
The yaktaur wields a +0 arbalest.
The yaktaur shoots a bolt.
The bolt hits you!
The deep elf archer casts a spell at you.
You resist with some effort.
The deep elf archer shoots an arrow.
The arrow hits you.
The yaktaur shoots a bolt.
The bolt hits you.
The deep elf archer shoots an arrow.
The arrow hits you!!
The yaktaur shoots a bolt.
The bolt barely misses you.
You can move again.
Unknown command.
Unknown command.
The ogre mage hits you from afar with a +0 spear!
The deep elf archer shoots an arrow.
The arrow completely misses you.
The yaktaur shoots a bolt.
You block the bolt.
As you read the scroll of fear, it crumbles to dust.
You assume a fearsome visage.
The deep elf archer resists with some effort.
The yaktaur looks frightened!
The ogre mage looks frightened!
The deep elf archer shoots an arrow.
The arrow hits you!!
* * * LOW HITPOINT WARNING * * *
Okay, then.
The ogre mage mumbles some strange words.
The ogre mage flickers and vanishes!
Deactivating autopickup; reactivate with Ctrl-A.
The deep elf archer shoots an arrow.
The arrow hits you!!
You die...

#...........#..#.......
#..........#...........
#......................
#......................
#......................
######......................
.........{..................
#...........................
...........@..e#............
##......##....#..<..........
###########################


You could see a deep elf archer (repels missiles).

Vanquished Creatures
  3 hydras
  2 boulder beetles
  2 centaur warriors (D:13)
  3 two-headed ogres
  Sonja (D:10)
  4 skeletal warriors (D:9)
  An orc knight (D:13)
  A deep elf zephyrmancer (D:13)
  4 cyclopes
  A gargoyle (D:13)
  An unseen horror (D:11)
  2 kobold demonologists
  2 tengu conjurers (D:13)
  7 trolls
  3 meliai
  Grinder (D:5)
  A hornet (D:10)
  3 slime creatures
  2 shadows
  3 wyverns
  26 yaks
  3 wraiths
  2 vampire mosquitoes (D:12)
  3 wargs
  A harpy simulacrum (D:13)
  Menkaure (D:6)
  2 acid dragons
  2 orc warriors
  4 sky beasts
  2 ice beasts
  4 ogres
  2 black bears
  11 centaurs
  A phantom (D:4)
  3 kobold brigands
  3 bullfrogs
  4 necrophages
  A gnoll sergeant (D:9)
  11 wights
  6 howler monkeys
  9 orc priests
  8 hounds
  5 jellies
  5 iguanas
  15 orc wizards
  Natasha (twice) (D:2)
  Robin (D:2)
  7 gnolls
  10 adders
  2 shadow imps
  2 white imps
  An ufetubus (D:6)
  A worm (D:3)
  4 dart slugs
  19 orcs
  5 endoplasms
  4 giant cockroaches
  17 goblins
  7 hobgoblins
  3 jackals (D:1)
  7 quokkas
  5 ball pythons
  5 bats
  2 frilled lizards
  17 kobolds
  4 rats
306 creatures vanquished.

Vanquished Creatures (collateral kills)
  A foxfire (D:5)
1 creature vanquished.

Vanquished Creatures (others)
  1119 foxfires
  3 fungi (D:5)
1122 creatures vanquished.

Grand Total: 1429 creatures vanquished

Notes
Turn   | Place    | Note
-------+----------+-------------------------------------------
     0 | D:1      | kae the Demigod Fire Elementalist began the quest for the
                  | Orb.
     0 | D:1      | Reached XP level 1. HP: 14/14 MP: 5/5
    51 | D:1      | Reached skill level 1 in Conjurations
   476 | D:1      | Reached XP level 2. HP: 20/20 MP: 1/7
   575 | D:1      | Learned a level 2 spell: Scorch
  1491 | D:1      | Got Plato's Collected Works on Transmigration
  1652 | D:2      | Reached XP level 3. HP: 26/26 MP: 5/9
  1654 | D:2      | Learned a level 1 spell: Sting
  1898 | D:2      | Found a runed translucent door.
  1899 | D:2      | Noticed Crazy Yiuf
  1915 | D:2      | Noticed Natasha
  1926 | D:2      | Killed Natasha
  2294 | D:2      | Noticed Natasha
  2302 | D:2      | Killed Natasha
  2303 | D:2      | Reached XP level 4. HP: 11/33 MP: 2/10
  2648 | D:2      | Learned a level 3 spell: Conjure Flame
  2899 | D:3      | Noticed Robin
  3116 | D:2      | Killed Robin
  3545 | D:3      | Reached XP level 5. HP: 38/38 MP: 9/12
  3598 | D:3      | Found Fuaruar's Magic Scroll Shoppe.
  3604 | D:3      | Bought a scroll of identify for 26 gold pieces
  3604 | D:3      | Bought a scroll of teleportation for 39 gold pieces
  3604 | D:3      | Bought a scroll of identify for 26 gold pieces
  3604 | D:3      | Bought a scroll of identify for 26 gold pieces
  3637 | D:3      | Noticed Terence
  4467 | D:4      | Noticed a centaur
  5109 | D:4      | Reached XP level 6. HP: 33/45 MP: 7/14
  5779 | D:5      | Entered Level 5 of the Dungeon
  5847 | D:5      | Reached skill level 1 in Shields
  5977 | D:4      | Reached XP level 7. HP: 20/50 MP: 5/16
  6269 | D:5      | Reached skill level 5 in Fire Magic
  6770 | D:5      | Reached XP level 8. HP: 51/57 MP: 11/18
  6815 | D:5      | Noticed Grinder
  6823 | D:5      | Killed Grinder
  6824 | D:5      | Reached skill level 5 in Conjurations
  6979 | D:5      | Reached skill level 5 in Spellcasting
  7432 | D:6      | Learned a level 3 spell: Inner Flame
  7437 | D:6      | Learned a level 4 spell: Flame Wave
  7445 | D:6      | Noticed a troll
  8077 | D:5      | Killed a troll
  8168 | D:6      | Noticed Menkaure
  8174 | D:6      | Killed Menkaure
  8273 | D:6      | Reached XP level 9. HP: 57/62 MP: 10/21
  8908 | D:6      | Reached skill level 5 in Shields
  9660 | D:7      | Found a staircase to the Ecumenical Temple.
 10447 | D:8      | Reached XP level 10. HP: 39/69 MP: 14/24
 10450 | D:8      | Noticed a two-headed ogre
 10677 | D:8      | Found Zosun's Weapon Shoppe.
 11527 | D:8      | Found a staircase to the Lair.
 11572 | D:8      | Killed a two-headed ogre
 12156 | D:9      | Noticed a skeletal warrior
 12163 | D:9      | Noticed a skeletal warrior
 12164 | D:9      | Noticed a skeletal warrior
 12174 | D:9      | Noticed a skeletal warrior
 12196 | D:9      | Killed a skeletal warrior
 12218 | D:9      | Killed a skeletal warrior
 12219 | D:9      | Reached XP level 11. HP: 74/74 MP: 6/27
 12569 | D:9      | Killed a skeletal warrior
 12590 | D:9      | Killed a skeletal warrior
 13075 | D:10     | Entered Level 10 of the Dungeon
 13081 | D:10     | Noticed Sonja
 13192 | D:10     | Noticed a soul eater
 13271 | D:10     | Killed Sonja
 13493 | D:10     | Found Xuawk's Magic Scroll Shop.
 13496 | D:10     | Bought a scroll of identify for 22 gold pieces
 13497 | D:10     | Bought a scroll of identify for 22 gold pieces
 13497 | D:10     | Bought a scroll of identify for 22 gold pieces
 13497 | D:10     | Bought a scroll of identify for 22 gold pieces
 13500 | D:10     | Bought a scroll of identify for 22 gold pieces
 13500 | D:10     | Bought a scroll of teleportation for 33 gold pieces
 13500 | D:10     | Bought a scroll of teleportation for 33 gold pieces
 13702 | D:10     | Paralysed by a hornet for 1 turns
 13885 | D:10     | Found a staircase to the Orcish Mines.
 14297 | D:11     | Noticed an eight-headed hydra
 14309 | D:11     | Killed an eight-headed hydra
 14618 | D:11     | Noticed a two-headed ogre
 14637 | D:11     | Killed a two-headed ogre
 14716 | D:11     | Noticed a boulder beetle
 14732 | D:11     | Killed a boulder beetle
 15060 | D:11     | Reached skill level 10 in Fire Magic
 15872 | D:12     | Noticed an eight-headed hydra
 15887 | D:12     | Killed an eight-headed hydra
 15888 | D:12     | Reached skill level 10 in Conjurations
 15958 | D:12     | Noticed a two-headed ogre
 15969 | D:12     | Killed a two-headed ogre
 15970 | D:12     | Reached skill level 1 in Fighting
 15970 | D:12     | Reached skill level 1 in Armour
 16028 | D:12     | Reached XP level 12. HP: 70/84 MP: 18/29
 16323 | D:12     | Noticed a boulder beetle
 16352 | D:12     | HP: 2/85 [boulder beetle (36)]
 16356 | D:12     | Killed a boulder beetle
 16928 | D:12     | Found Teho's Specific Store.
 16932 | D:12     | Found Diatua's General Store.
 17158 | D:13     | Noticed a four-headed hydra
 17175 | D:13     | Killed a four-headed hydra
 17183 | D:13     | Noticed a centaur warrior
 17192 | D:13     | Killed a centaur warrior
 17565 | D:13     | Noticed a centaur warrior
 17578 | D:13     | Killed a centaur warrior
 17646 | D:13     | Reached skill level 5 in Dodging
 18317 | D:13     | Noticed an ogre mage
 18320 | D:13     | Paralysed by an ogre mage for 4 turns
 18326 | D:13     | Shot with an arrow by a deep elf archer

Illustrated notes

Levels and vault maps discovered:
D:1:      tarquinn_simple_flora_water_a, layout_basic,
          shapermc_ecumenical_altar_rom_forum, grunt_decor_fettered
D:2:      layout_basic, uniq_crazy_yiuf_cottage, uniq_natasha
D:3:      layout_basic, serial_shops, shop, uniq_terence, uniq_robin
D:4:      layout_basic
D:5:      minmay_spotlight, layout_cave_pools, dreamdust_gnoll_farm,
          uniq_grinder
D:6:      minmay_flawed_box, layout_rooms, uniq_menkaure
D:7:      layout_loops_ring, gammafunk_temple_overflow_statue,
          minmay_temple_entry_sparse_star, kennysheep_diamond
D:8:      layout_rooms, erik_lair_orcish_takeover, serial_shops,
          nicolae_shop_bloodbath_and_beyond, minmay_between
D:9:      layout_roguey, chequers_serial_rivers_large_a
D:10:     layout_grid_maze, david_orc_3, serial_shops,
          nicolae_shop_behind_doors, kennysheep_generic_room_4, uniq_sonja
D:11:     layout_loops_cross
D:12:     layout_loops_corners, nicolae_specific_store,
          kennysheep_generic_room_2
D:13:     layout_big_octagon, hangedman_vaults_entry_quadrant_bands,
          grunt_ministairs_11

Skill      XL: |  1  2  3  4  5  6  7  8  9 10 11 12 |
---------------+-------------------------------------+-----
Conjurations   | 1 2 3 4 5 7 8 10 | 10.0
Spellcasting   | 2 3 4 5 6 7 9 |  9.0
Fire Magic     | 3 4 5 6 7 8 10 | 10.0
Shields        | 1 3 4 6 7 8 |  8.0
Dodging        | 2 5 |  5.4
Fighting       | 1 4 |  4.9
Armour         | 1 4 |  4.9
Stealth        | |  1.7

Action                   |  1- 3 |  4- 6 |  7- 9 | 10-12 || total
-------------------------+-------+-------+-------+-------++-------
Melee: Unarmed           |    23 |    10 |       |    20 ||    53
       Staff             |       |       |     3 |    30 ||    33
 Cast: Foxfire           |    70 |   117 |   175 |   292 ||   654
       Scorch            |     7 |    27 |    46 |   114 ||   194
       Sting             |     4 |       |       |     1 ||     5
       Conjure Flame     |       |     1 |     4 |    21 ||    26
       Flame Wave        |       |       |     9 |    35 ||    44
       Inner Flame       |       |       |       |     2 ||     2
  Use: Scroll            |     4 |    11 |     6 |    11 ||    32
       Potion            |       |       |       |     1 ||     1
Armor: Robe              |    20 |    26 |     5 |       ||    51
       Troll leather arm |       |       |    14 |    69 ||    83
Dodge: Dodged            |    42 |    61 |    42 |   259 ||   404
Block: Kite shield       |       |    13 |    66 |   220 ||   299

Table legend: (Time is in decaauts)
 A = Elapsed time spent in this place.
 B = Non-inter-level travel time spent in this place.
 C = Inter-level travel time spent in this place.
 D = Time resting spent in this place.
 E = Time spent auto-exploring this place.
 F = Levels seen in this place.
 G = Mean time per level.
                   A        B        C        D        E       F      G
               +--------+--------+--------+--------+--------+-----+--------+
         Total |  18400 |  17653 |    747 |   1994 |  12556 |  13 | 1415.4 |
       Dungeon |  18400 |  17653 |    747 |   1994 |  12556 |  13 | 1415.4 |
               +--------+--------+--------+--------+--------+-----+--------+

Top non-repeatable levels by time:
     D:7: 1796 daAuts
     D:4: 1762 daAuts
     D:5: 1740 daAuts
     D:2: 1597 daAuts
    D:11: 1577 daAuts
    D:12: 1569 daAuts
     D:1: 1549 daAuts
     D:9: 1361 daAuts
     D:3: 1355 daAuts
    D:10: 1150 daAuts
     D:6: 1047 daAuts
    D:13: 950 daAuts
     D:8: 942 daAuts
